HSSL
COWETA HS TIGERS @ MAIZE HS
04/06/2028
 
TOP OF THE 1ST
Coweta HS Tigers batting - Pitching for Maize HS : RHP Barrett Perry
Pitching: RHP Barrett Perry
Batting: LHB Jamie Walker 0-0: Fly out, F7 (Flyball, 7LS)
Batting: RHB José Avilés 0-0: Called Strike
0-1: SINGLE (Groundball, 56S) (infield hit)
Batting: RHB Javier Escalante 0-0: Ball
1-0: Called Strike
1-1: Ball
2-1: Foul Ball, location: 2F
2-2: Foul Ball, location: 2F
2-2: SINGLE (Groundball, 4MD)
José Avilés to second
Batting: LHB Vito Ramírez 0-0: Ball
1-0: Fly out, F5 (Line Drive, 5)
Batting: RHB Dan Britt 0-0: Called Strike
0-1: Ball
1-1: Called Strike
1-2: Strikes out swinging
Top of the 1st over - 0 run(s), 2 hit(s), 0 error(s), 2 left on base; Coweta HS 0 - Maize HS 0
BOTTOM OF THE 1ST
Maize HS batting - Pitching for Coweta HS Tigers : LHP Mark Schlosser
Pitching: LHP Mark Schlosser
Batting: LHB Ed Nelson 0-0: Ball
1-0: DOUBLE (Line Drive, 8LXD)
Batting: RHB Pedro Casillas 0-0: Called Strike
0-1: Ball
1-1: Called Strike
1-2: Ball
2-2: Ball
3-2: Ground out 6-3 (Groundball, 6S)
Ed Nelson to third
Batting: LHB Scot Godwin 0-0: Ball
1-0: Foul Ball, location: 2F
1-1: Ball
2-1: Ball
3-1: Base on Balls
Batting: RHB Dennis Brooks 0-0: Ball
1-0: Foul Ball, location: 2F
1-1: Ball
2-1: SINGLE (Line Drive, 34D)
Ed Nelson scores
Scot Godwin to second
Throwing error, E9
Scot Godwin scores
Dennis Brooks to second
Batting: SHB Álex Vega 0-0: Fly out, F9 (Flyball, 89M)
Batting: RHB Michael Obrego 0-0: Ball
1-0: SINGLE (Groundball, 6D)
Dennis Brooks to third
Batting: LHB Jorge Merced 0-0: Ball
1-0: Called Strike
1-1: Fielders Choice at 2nd, 4-6 (Groundball, 4)
Bottom of the 1st over - 2 run(s), 3 hit(s), 1 error(s), 1 left on base; Coweta HS 0 - Maize HS 2
TOP OF THE 2ND
Coweta HS Tigers batting - Pitching for Maize HS : RHP Barrett Perry
Batting: RHB Garth O'Flahavan 0-0: Ball
1-0: Called Strike
1-1: Foul Ball, location: 2F
1-2: Foul Ball, location: 2F
1-2: Strikes out swinging
Batting: SHB Mike Bryant 0-0: Ball
1-0: Ball
2-0: Ball
3-0: Fly out, F5 (Popup, 5D)
Batting: LHB Joe Mobley 0-0: Ball
1-0: Swinging Strike
1-1: Foul Ball, location: 2F
1-2: Ball
2-2: Strikes out looking
Top of the 2nd over - 0 run(s), 0 hit(s), 0 error(s), 0 left on base; Coweta HS 0 - Maize HS 2
BOTTOM OF THE 2ND
Maize HS batting - Pitching for Coweta HS Tigers : LHP Mark Schlosser
Batting: RHB Dan Osborne 0-0: Ball
1-0: SOLO HOME RUN (Flyball, 7D), Distance : 399 ft
Batting: SHB Armando Guzmán 0-0: Called Strike
0-1: Called Strike
0-2: Strikes out looking
Batting: LHB Ed Nelson 0-0: Called Strike
0-1: SOLO HOME RUN (Line Drive, 7D), Distance : 397 ft
Batting: RHB Pedro Casillas 0-0: Called Strike
0-1: Ball
1-1: Foul Ball, location: 2F
1-2: Strikes out swinging
Batting: LHB Scot Godwin 0-0: Ground out U3 (Groundball, 34)
Bottom of the 2nd over - 2 run(s), 2 hit(s), 0 error(s), 0 left on base; Coweta HS 0 - Maize HS 4
TOP OF THE 3RD
Coweta HS Tigers batting - Pitching for Maize HS : RHP Barrett Perry
Batting: RHB Todd Slater 0-0: Ground out 5-3 (Groundball, 56)
Batting: LHB Jamie Walker 0-0: Ball
1-0: Called Strike
1-1: Called Strike
1-2: Ground out 6-3 (Groundball, 6M)
Batting: RHB José Avilés 0-0: Ball
1-0: Ball
2-0: Called Strike
2-1: Foul Ball, location: 2F
2-2: Strikes out swinging
Top of the 3rd over - 0 run(s), 0 hit(s), 0 error(s), 0 left on base; Coweta HS 0 - Maize HS 4
BOTTOM OF THE 3RD
Maize HS batting - Pitching for Coweta HS Tigers : LHP Mark Schlosser
Batting: RHB Dennis Brooks 0-0: Ball
1-0: Swinging Strike
1-1: Foul Ball, location: 2F
1-2: Ball
2-2: Strikes out looking
Batting: SHB Álex Vega 0-0: Called Strike
0-1: Swinging Strike
0-2: Foul Ball, location: 2F
0-2: Strikes out swinging
Batting: RHB Michael Obrego 0-0: Ball
1-0: Called Strike
1-1: Called Strike
1-2: Foul Ball, location: 2F
1-2: Foul Ball, location: 2F
1-2: Strikes out swinging
Bottom of the 3rd over - 0 run(s), 0 hit(s), 0 error(s), 0 left on base; Coweta HS 0 - Maize HS 4
TOP OF THE 4TH
Coweta HS Tigers batting - Pitching for Maize HS : RHP Barrett Perry
Batting: RHB Javier Escalante 0-0: Fly out, F7 (Flyball, 7)
Batting: LHB Vito Ramírez 0-0: Called Strike
0-1: Fly out, F8 (Line Drive, 8LM)
Batting: RHB Dan Britt 0-0: Called Strike
0-1: Foul Ball, location: 2F
0-2: Ball
1-2: Ball
2-2: Foul Ball, location: 2F
2-2: Strikes out swinging
Top of the 4th over - 0 run(s), 0 hit(s), 0 error(s), 0 left on base; Coweta HS 0 - Maize HS 4
BOTTOM OF THE 4TH
Maize HS batting - Pitching for Coweta HS Tigers : LHP Mark Schlosser
Batting: LHB Jorge Merced 0-0: Called Strike
0-1: Fly out, F8 (Line Drive, 8LM)
Batting: RHB Dan Osborne 0-0: Ball
1-0: Called Strike
1-1: Swinging Strike
1-2: Ball
2-2: Ball
3-2: Fly out, F8 (Flyball, 8RM)
Batting: SHB Armando Guzmán 0-0: Called Strike
0-1: Swinging Strike
0-2: Strikes out swinging
Bottom of the 4th over - 0 run(s), 0 hit(s), 0 error(s), 0 left on base; Coweta HS 0 - Maize HS 4
TOP OF THE 5TH
Coweta HS Tigers batting - Pitching for Maize HS : RHP Barrett Perry
Batting: RHB Garth O'Flahavan 0-0: Ball
1-0: Foul Ball, location: 2F
1-1: Swinging Strike
1-2: Strikes out swinging
Batting: SHB Mike Bryant 0-0: Foul Ball, location: 2F
0-1: Foul Ball, location: 2F
0-2: Foul Ball, location: 2F
0-2: Strikes out looking
Batting: LHB Joe Mobley 0-0: Called Strike
0-1: Called Strike
0-2: Strikes out looking
Top of the 5th over - 0 run(s), 0 hit(s), 0 error(s), 0 left on base; Coweta HS 0 - Maize HS 4
BOTTOM OF THE 5TH
Maize HS batting - Pitching for Coweta HS Tigers : LHP Mark Schlosser
Batting: LHB Ed Nelson 0-0: SINGLE (Groundball, 6D)
Batting: RHB Pedro Casillas 0-0: Ball
1-0: Ball
2-0: Ball
3-0: Called Strike
3-1: SINGLE (Groundball, 6M) (infield hit)
Ed Nelson to second
Batting: LHB Scot Godwin 0-0: Ball
1-0: Grounds into double play, 4-6-3 (Groundball, 4)
Ed Nelson to third
Batting: RHB Dennis Brooks 0-0: Fly out, F7 (Flyball, 7)
Bottom of the 5th over - 0 run(s), 2 hit(s), 0 error(s), 1 left on base; Coweta HS 0 - Maize HS 4
TOP OF THE 6TH
Coweta HS Tigers batting - Pitching for Maize HS : RHP Barrett Perry
Batting: RHB Todd Slater 0-0: SINGLE (Groundball, 6MD)
Batting: LHB Jamie Walker 0-0: Swinging Strike
0-1: Swinging Strike
0-2: Ball
1-2: Strikes out swinging
Batting: RHB José Avilés 0-0: Fielders Choice at 2nd, 6-4 (Groundball, 6M)
Batting: RHB Javier Escalante 0-0: Ball
1-0: Foul Ball, location: 2F
1-1: Ball
2-1: Swinging Strike
2-2: Foul Ball, location: 2F
2-2: SINGLE (Line Drive, 56S)
José Avilés to second
Batting: LHB Vito Ramírez 0-0: Fielders Choice at 2nd, 4-6 (Groundball, 4)
Top of the 6th over - 0 run(s), 2 hit(s), 0 error(s), 1 left on base; Coweta HS 0 - Maize HS 4
BOTTOM OF THE 6TH
Maize HS batting - Pitching for Coweta HS Tigers : LHP Mark Schlosser
Batting: SHB Álex Vega 0-0: Swinging Strike
0-1: Ball
1-1: Swinging Strike
1-2: Foul Ball, location: 2F
1-2: Strikes out swinging
Batting: RHB Michael Obrego 0-0: DOUBLE (Line Drive, 7LM)
Batting: LHB Jorge Merced 0-0: Ball
1-0: Fly out, F7 (Line Drive, 7)
Batting: RHB Dan Osborne 0-0: Ball
1-0: Foul Ball, location: 2F
1-1: Foul Ball, location: 2F
1-2: Foul Ball, location: 2F
1-2: Strikes out looking
Bottom of the 6th over - 0 run(s), 1 hit(s), 0 error(s), 1 left on base; Coweta HS 0 - Maize HS 4
TOP OF THE 7TH
Coweta HS Tigers batting - Pitching for Maize HS : RHP Barrett Perry
Batting: RHB Dan Britt 0-0: Ground out 4-3 (Groundball, 4)
Batting: RHB Garth O'Flahavan 0-0: Foul Ball, location: 2F
0-1: Ball
1-1: Swinging Strike
1-2: Foul Ball, location: 2F
1-2: Strikes out swinging
Batting: SHB Mike Bryant 0-0: Ball
1-0: Foul Ball, location: 2F
1-1: Ball
2-1: Foul Ball, location: 2F
2-2: Ball
3-2: Ground out U3 (Groundball, 34)
Top of the 7th over - 0 run(s), 0 hit(s), 0 error(s), 0 left on base; Coweta HS 0 - Maize HS 4
BOTTOM OF THE 7TH
Maize HS batting - Pitching for Coweta HS Tigers : LHP Mark Schlosser
Pitching: LHP Martin Goodwyn
Batting: SHB Armando Guzmán 0-0: Swinging Strike
0-1: Foul Ball, location: 2F
0-2: Foul Ball, location: 2F
0-2: Ball
1-2: Ball
2-2: Ball
3-2: Base on Balls
Batting: LHB Ed Nelson 0-0: Sac Bunt - play at first, batter OUT! 1-3
Armando Guzmán to second
Batting: RHB Pedro Casillas 0-0: Ball
1-0: Ball
2-0: Ball
3-0: Base on Balls
Batting: LHB Scot Godwin 0-0: Called Strike
0-1: Ground out 6-3 (Groundball, 6MS)
Armando Guzmán to third
Pedro Casillas to second
Batting: RHB Dennis Brooks 0-0: Called Strike
0-1: Ball
1-1: Ball
2-1: Ball
3-1: Base on Balls
Batting: SHB Álex Vega 0-0: Ground out 1-3 (Groundball, P)
Bottom of the 7th over - 0 run(s), 0 hit(s), 0 error(s), 3 left on base; Coweta HS 0 - Maize HS 4
TOP OF THE 8TH
Coweta HS Tigers batting - Pitching for Maize HS : RHP Barrett Perry
Pitching: RHP Nick Reyes
Batting: LHB Joe Mobley 0-0: Called Strike
0-1: Fly out, F8 (Flyball, 8LM)
Batting: RHB Todd Slater 0-0: Called Strike
0-1: Ball
1-1: Called Strike
1-2: Strikes out swinging
Batting: LHB Jamie Walker 0-0: Ball
1-0: Ball
2-0: Called Strike
2-1: Swinging Strike
2-2: Ball
3-2: Base on Balls
Batting: RHB José Avilés 0-0: Fly out, F7 (Flyball, 7S)
Top of the 8th over - 0 run(s), 0 hit(s), 0 error(s), 1 left on base; Coweta HS 0 - Maize HS 4
BOTTOM OF THE 8TH
Maize HS batting - Pitching for Coweta HS Tigers : LHP Martin Goodwyn
Batting: RHB Michael Obrego 0-0: Ball
1-0: SINGLE (Flyball, 78M)
Batting: LHB Jorge Merced 0-0: Called Strike
0-1: Foul Ball, location: 2F
0-2: Ball
1-2: SINGLE (Flyball, 7LS)
Michael Obrego to second
Batting: RHB Dan Osborne 0-0: Ball
1-0: Ball
2-0: Ball
3-0: Base on Balls
Michael Obrego to third
Jorge Merced to second
Batting: SHB Armando Guzmán 0-0: DOUBLE (Flyball, 9)
Michael Obrego scores
Jorge Merced scores
Dan Osborne to third
Batting: LHB Ed Nelson 0-0: Foul Ball, location: 2F
0-1: SINGLE (Groundball, 6M) (infield hit)
Dan Osborne scores
Armando Guzmán to third
Batting: RHB Pedro Casillas 0-0: Ball
1-0: Ball
2-0: Called Strike
2-1: Foul Ball, location: 2F
2-2: Foul Ball, location: 2F
2-2: Strikes out swinging
Batting: LHB Scot Godwin 0-0: Ball
1-0: Ball
2-0: Called Strike
2-1: Ball
3-1: Fly out, F8 (Flyball, 8LM)
Batting: RHB Dennis Brooks 0-0: Ball
1-0: Ball
2-0: Called Strike
2-1: Ball
3-1: Called Strike
3-2: Fly out, F6 (Popup, 6D)
Bottom of the 8th over - 3 run(s), 4 hit(s), 0 error(s), 2 left on base; Coweta HS 0 - Maize HS 7
TOP OF THE 9TH
Coweta HS Tigers batting - Pitching for Maize HS : RHP Nick Reyes
Batting: RHB Javier Escalante 0-0: Ball
1-0: Foul Ball, location: 2F
1-1: Ball
2-1: Ground out 1-3 (Groundball, P)
Batting: LHB Vito Ramírez 0-0: Ball
1-0: Ball
2-0: Ball
3-0: Called Strike
3-1: Base on Balls
Batting: RHB Dan Britt 0-0: Swinging Strike
0-1: Foul Ball, location: 2F
0-2: Strikes out looking
Batting: RHB Garth O'Flahavan 0-0: Ball
1-0: Called Strike
1-1: Swinging Strike
1-2: Strikes out swinging
Top of the 9th over - 0 run(s), 0 hit(s), 0 error(s), 1 left on base; Coweta HS 0 - Maize HS 7
Tuesday, August 8th, 2017 - OOTP Baseball 17.12 Build 75